Map: Iron Fortress LE

Players

SCMothership - Winner!

  • Race: Protoss Protoss
  • Spawn Location: 1:00

Javert

  • Race: Zerg Zerg
  • Spawn Location: 7:00

VOD

Have the link to the VOD?

Description

Time

  • Played on: April 2, 2015, 1:15 a.m.
  • Length: 12:03
Show
View Real Time Build Order
Export as new Build Order

SCMothership Protoss - Winner!

Build Orders: Nexus First 

Get SALT Encoding   

  12  0:01  Probe  
  13  0:13  Probe  
  14  0:30  Pylon  
  14  0:48  Probe  
  15  0:57  Nexus  
  15  1:00  Probe (Chrono Boost)  
  16  1:10  Probe (Chrono Boost)  
  17  1:17  Probe (Chrono Boost)  
  18  1:19  Gateway  
  18  1:28  Assimilator  
  18  1:29  Probe (Chrono Boost)  
  19  1:37  Probe (Chrono Boost)  
  20  1:40  Pylon  
  20  1:49  Probe (Chrono Boost)  
  22  2:01  Probe (Chrono Boost)  
  22  2:07  Cybernetics Core  
  22  2:09  Probe (Chrono Boost)  
  22  2:11  Probe (Chrono Boost)  
  22  2:14  Pylon  
  24  2:18  Probe  
  24  2:21  Probe  
  26  2:38  Probe (Chrono Boost)  
  26  2:42  Assimilator  
  27  2:48  Probe (Chrono Boost), Assimilator  
  27  2:50  Mothership Core (Chrono Boost)  
  27  2:51  Assimilator  
  30  2:58  Probe (Chrono Boost)  
  31  3:04  Probe x2  
  32  3:16  Probe  
  32  3:17  Probe  
  33  3:27  Warp Gate (Chrono Boost)  
  33  3:28  Probe  
  33  3:29  Probe  
  35  3:34  Stargate  
  35  3:38  Gateway, Zealot  
  35  3:40  Probe (Chrono Boost), Pylon  
  39  3:41  Probe (Chrono Boost)  
  39  3:53  Probe x2 (Chrono Boost)  
  41  4:01  Probe x2 (Chrono Boost)  
  43  4:09  Gateway  
  44  4:10  Probe (Chrono Boost), Forge  
  44  4:13  Probe (Chrono Boost)  
  44  4:18  Oracle (Chrono Boost)  
  44  4:22  Probe (Chrono Boost)  
  49  4:25  Probe (Chrono Boost)  
  49  4:28  Probe (Chrono Boost)  
  50  4:33  Fleet Beacon  
  50  4:34  Probe  
  50  4:35  Protoss Shields Level 1 (Chrono Boost)  
  51  4:44  Probe  
  52  4:53  Probe  
  52  4:56  Probe  
  52  4:59  Pylon  
  54  5:00  Protoss Air Weapons Level 1 (Chrono Boost)  
  54  5:05  Probe  
  54  5:06  Carrier (Chrono Boost)  
  55  5:13  Probe  
  56  5:26  Probe  
  63  5:31  Probe  
  63  5:34  Pylon  
  64  5:41  Graviton Catapult  
  64  5:42  Pylon, Stargate  
  64  5:45  Nexus  
  64  5:47  Probe x2  
  66  5:54  Zealot x2  
  70  5:59  Probe x2  
  70  6:01  Carrier (Chrono Boost)  
  72  6:11  Probe x2  
  74  6:14  Robotics Facility  
  80  6:20  Assimilator  
  80  6:23  Probe (Chrono Boost), Pylon  
  82  6:26  Carrier  
  82  6:28  Probe (Chrono Boost)  
  83  6:33  Probe (Chrono Boost)  
  83  6:34  Pylon  
  83  6:36  Pylon  
  83  6:42  Protoss Ground Weapons Level 1 (Chrono Boost)  
  83  6:43  Probe  
  84  6:50  Stalker x2  
  84  6:51  Stalker  
  90  6:56  Probe  
  90  6:59  Carrier (Chrono Boost)  
  90  7:00  Probe  
  98  7:05  Probe, Assimilator  
  98  7:07  Observer (Chrono Boost)  
  100  7:12  Robotics Bay  
  100  7:14  Probe  
  101  7:20  Pylon x2  
  111  7:37  Immortal (Chrono Boost)  
  111  7:41  Probe  
  112  7:46  Probe  
  112  7:47  Pylon  
  112  7:51  Pylon  
  113  7:54  Probe, Pylon  
  113  7:56  Probe  
  121  8:00  Photon Cannon x2  
  121  8:03  Gateway, Carrier (Chrono Boost)  
  122  8:39  Protoss Ground Armor Level 1 (Chrono Boost)  
  108  8:56  Stargate  
  108  8:58  Stargate, Carrier (Chrono Boost)  
  108  9:05  Nexus  
  108  9:06  Zealot x2  
  108  9:07  Stalker x2, Pylon  
  108  9:08  Probe  
  108  9:09  Pylon  
  117  9:11  Protoss Air Weapons Level 2 (Chrono Boost)  
  117  9:12  Pylon, Assimilator  
  117  9:16  Assimilator  
  129  9:19  Cybernetics Core  
  125  9:25  Warp Prism (Chrono Boost)  
  126  9:36  Tempest (Chrono Boost)  
  123  9:39  Mothership Core  
  123  9:42  Nexus  
  125  9:54  Stalker x3  
  125  9:55  Stalker, Probe  
  134  10:02  Gateway  
  134  10:05  Gateway  
  124  10:07  Gateway  
  124  10:09  Gateway  
  124  10:14  Carrier (Chrono Boost)  
  104  10:23  Stalker x3, Carrier (Chrono Boost)  
  104  10:24  Stalker  
  116  10:40  Tempest (Chrono Boost)  
  116  10:46  Immortal  
  116  10:48  Stalker x4  
  131  11:05  Photon Cannon  
  131  11:06  Photon Cannon  
  131  11:07  Probe x3 (Chrono Boost), Gateway  
  131  11:09  Gateway  
  131  11:14  Stalker  
  131  11:15  Stalker x3  
  139  11:25  Stalker x4  
  159  11:35  Twilight Council  
  159  11:38  Photon Cannon  
  157  11:59  Stalker x2  
  157  12:00  Stalker x2  
Show
View Real Time Build Order
Export as new Build Order

Javert Zerg 

Build Orders: Hatch First 

Get SALT Encoding   

  12  0:02  Drone  
  13  0:13  Overlord  
  13  0:18  Drone  
  14  0:36  Drone  
  14  0:37  Drone  
  16  0:53  Hatchery  
  15  0:58  Drone  
  15  1:00  Drone  
  15  1:02  Extractor  
  16  1:17  Spawning Pool  
  15  1:19  Drone  
  15  1:20  Drone  
  15  1:21  Drone  
  18  1:30  Drone  
  19  1:41  Drone  
  20  1:52  Overlord  
  20  2:06  Queen x2  
  24  2:10  Metabolic Boost  
  24  2:12  Zergling x4  
  26  2:15  Drone  
  26  2:22  Drone  
  28  2:30  Drone x2  
  30  2:40  Drone x2  
  32  2:46  Overlord  
  32  2:55  Drone  
  32  2:58  Drone  
  34  3:08  Drone x2  
  36  3:16  Drone x2  
  37  3:22  Queen x2  
  37  3:23  Hatchery  
  40  3:28  Overlord  
  40  3:40  Drone x4  
  44  3:47  Extractor  
  44  3:48  Extractor  
  41  3:50  Extractor  
  40  4:05  Drone x2  
  40  4:06  Drone x3  
  45  4:15  Drone x2, Overlord  
  47  4:18  Drone  
  47  4:19  Drone x3  
  47  4:23  Overlord  
  51  4:32  Lair  
  51  4:39  Drone  
  51  4:40  Drone x6  
  58  4:51  Roach Warren  
  57  4:55  Extractor, Zergling x4  
  57  4:57  Extractor  
  57  5:05  Drone x3  
  57  5:06  Drone x3  
  63  5:15  Overlord x3  
  63  5:20  Spore Crawler  
  59  5:24  Spore Crawler  
  55  5:40  Spore Crawler  
  54  5:44  Spire  
  54  5:47  Drone x16  
  69  6:14  Drone x3  
  69  6:15  Drone x3  
  75  6:19  Overlord, Glial Reconstitution  
  75  6:26  Drone x5  
  75  6:27  Drone, Overlord x2  
  81  6:45  Overlord x2  
  80  6:56  Mutalisk  
  80  6:57  Mutalisk x12  
  80  7:01  Zergling x8  
  110  7:26  Mutalisk x8  
  110  7:27  Hatchery, Extractor  
  124  7:30  Extractor  
  124  7:36  Zerg Flyer Weapons Level 1, Infestation Pit  
  121  7:49  Zergling x2  
  121  7:50  Zergling x18  
  130  8:10  Mutalisk x4  
  130  8:12  Overlord x3  
  130  8:13  Overlord  
  130  8:19  Hive  
  117  8:35  Mutalisk x2  
  117  8:36  Mutalisk x4  
  109  8:46  Zergling x2  
  109  8:47  Zergling x6  
  105  8:55  Corruptor x3  
  105  8:59  Drone x2  
  113  9:08  Corruptor x2  
  116  9:11  Overlord  
  115  9:20  Zergling x14  
  121  9:32  Viper x2  
  121  9:36  Zergling x22  
  138  9:39  Queen x2  
  142  9:48  Roach x5  
  116  10:24  Roach x12  
  131  10:37  Corruptor x4  
  134  10:48  Corruptor x2  
  134  10:49  Corruptor x2  
  139  10:57  Evolution Chamber x2  
  124  11:05  Drone x4  
  124  11:08  Corruptor x3  
  124  11:09  Corruptor  
  134  11:20  Zergling x2  
  134  11:21  Zergling x12  
  141  11:34  Hatchery  
Tags
 
Add a new tag
Caveats
  • Supply blocks, unpowered buildings, or Contaminate may cause inaccurate times.
  • Supply counts are checked every 10 seconds.